 Dungeon Crawl Stone Soup version 0.18.1-50-g88ac8fd (webtiles) character file.

116 Chiseanne the Covert (level 4, 0/22 HPs)
             Began as a Spriggan Assassin on Mar 28, 2017.
             Slain by a gnoll
             ... wielding a +2 halberd of protection
              (7 damage)
             ... on level 3 of the Dungeon.
             The game lasted 00:05:26 (2703 turns).

Chiseanne the Covert (Spriggan Assassin)            Turns: 2703, Time: 00:05:26

Health: 0/22       AC:  3    Str:  7    XL:     4   Next: 70%
Magic:  0/5        EV: 17    Int: 12    God:
Gold:   219        SH:  0    Dex: 18    Spells: 0 memorised, 3 levels left

rFire  . . .     SeeInvis +     a - +1 dagger (venom)
rCold  . . .     Gourm    .     c - +0 robe
rNeg   . . .     Faith    .     (shield restricted)
rPois  .         Spirit   +     (helmet restricted)
rElec  .         Dismiss  .     d - +0 cloak
rCorr  .         Reflect  .     (gloves unavailable)
SustAt .         Harm     .     (boots unavailable)
MR     .....                    t - amulet of guardian spirit
Stlth  +++++.....               (no ring)
                                (no ring)

@: very quick, not resistant to hostile enchantments, quite stealthy
A: unfitting armour, see invisible, herbivore 3, speed 3, slow metabolism 2
a: no special abilities


You were on level 3 of the Dungeon.
You were not hungry.

You visited 1 branch of the dungeon, and saw 3 of its levels.

You collected 219 gold pieces.

Inventory:

Hand Weapons
 a - a +1 dagger of venom (weapon)
 o - a +0 short sword of electrocution
 s - a +1 dagger of electrocution
 w - a +0 blowgun
Missiles
 b - 22 arrows
 i - 66 stones (quivered)
 m - 39 bolts
 r - 43 sling bullets
Armour
 c - a +0 robe (worn)
 d - a +0 cloak (worn)
Jewellery
 l - an uncursed ring of stealth {unknown}
 t - an amulet of guardian spirit (around neck)
Wands
 e - a wand of digging (17/24)
Scrolls
 p - a scroll of teleportation
 v - a scroll of enchant armour {unknown}
Potions
 h - 2 potions of degeneration {unknown}
 j - a potion of heal wounds {unknown}
 k - a potion of agility {unknown}
 n - 2 potions of brilliance {unknown}
 u - a potion of curing {unknown}
Comestibles
 g - 2 bread rations


   Skills:
 - Level 1.5 Fighting
 - Level 2.1 Short Blades
 - Level 2.0 Throwing
 - Level 1.5 Dodging
 * Level 9.3 Stealth


You had 3 spell levels left.
You didn't know any spells.

Dungeon Overview and Level Annotations

Branches:
Dungeon (3/15)

Altars:
Elyvilon


Innate Abilities, Weirdness & Mutations

You are tiny and cannot use many weapons and most armour.
You have supernaturally acute eyesight.
You are a herbivore.
You cover ground extremely quickly.
You need consume almost no food.


Message History

The gnoll throws a throwing net.
The throwing net hits you.
You become entangled in the net!
You see here a throwing net.
You try to slip out of the net.
You try to slip out of the net.
The gnoll hits you.
The gnoll hits you from afar with a halberd of protection.
You slip out of the net!
The gnoll hits you! The gnoll misses you.
Read which item? (? for menu, Esc to quit)
As you read the scroll labeled ZUS LIZUUK, it crumbles to dust.
It is a scroll of recharging.
Charge which item? (? for menu, Esc to quit)
Your wand of digging {zapped: 2} glows for a moment.
The gnoll completely misses you.
Evoke which item? (* to show all) (? for menu, Esc to quit)
Zapping:
e - a wand of digging {recharged} (will waste charges)
Press: ? - help, Shift-Dir - straight line The rock shatters into small pieces.
Evoking this partially-identified wand wasted a few charges.
The gnoll hits you from afar with a halberd of protection!
You die... #.# ##...#.# .# #.# #..##..... #.# #.###..#.# #.# #..# #..... ###.##.#.# #.... ##...#.##.# #(.# ##g###.....# #..###. #.#.#.#.#### #.o.ggg

#.##@##.# #g###.#
#g###g#.# #g# .#
##.###.## #.# .#
#....#.# #.# .#
#.#g###.# #.###.#
##.#g## #.# ###......
##....(#######........
#.#....g.(gg(.(#####$#
#.#.....######## .#


You could see 2 gnolls.

Vanquished Creatures
  A gnoll (D:3)
  2 adders
  An ooze (D:3)
  3 worms
  3 dart slugs
  2 giant geckos
  An orc (D:3)
  2 ball pythons
  2 bats
  3 giant cockroaches
  13 goblins
  5 hobgoblins
  A jackal (D:1)
  9 kobolds
  2 quokkas
  5 giant newts
  11 rats
66 creatures vanquished.

Vanquished Creatures (others)
  A dart slug (D:2)
  A rat (D:2)
2 creatures vanquished.

Grand Total: 68 creatures vanquished

Notes
Turn   | Place    | Note
--------------------------------------------------------------
     0 | D:1      | Chiseanne the Spriggan Assassin began the quest for the Orb.
     0 | D:1      | Reached XP level 1. HP: 10/10 MP: 2/2
     8 | D:1      | Reached skill level 6 in Stealth
   179 | D:1      | Reached XP level 2. HP: 11/14 MP: 3/3
   348 | D:1      | Reached skill level 7 in Stealth
   698 | D:1      | Reached XP level 3. HP: 18/18 MP: 4/4
  1370 | D:2      | Reached skill level 8 in Stealth
  1690 | D:2      | Found a white marble altar of Elyvilon.
  2162 | D:3      | Reached XP level 4. HP: 22/22 MP: 5/5
  2428 | D:3      | Reached skill level 9 in Stealth
  2703 | D:3      | Slain by a gnoll

Skill      XL: |  1  2  3  4 |
---------------+-------------+-----
Stealth        | 6 7 8 9 |  9.3
Fighting       | |  1.5
Short Blades   | |  2.1
Throwing       | |  2.0
Dodging        | |  1.5

Action                   |  1- 3 |  4- 6 || total
-------------------------+-------+-------++-------
Melee: Dagger            |   113 |    43 ||   156
 Fire: Blowgun           |     9 |    15 ||    24
Throw: Stone             |       |     7 ||     7
Evoke: Wand              |       |     2 ||     2
  Use: Scroll            |     7 |     2 ||     9
 Stab: Sleeping          |    23 |     6 ||    29
       Distracted        |       |     1 ||     1
Armor: Robe              |    11 |     2 ||    13
Dodge: Dodged            |    60 |    39 ||    99
